 Dungeon Crawl Stone Soup version 0.29.1-2-gbd0b4ee654 (webtiles) character file.

Game seed: 11809928434737530938

567 xian the Skirmisher (level 7, -4/41 HPs)
             Began as a Tengu Hunter on Nov 2, 2022.
             Slain by Pikel
             ... wielding a +1 whip of electrocution
              (7 damage)
             ... on level 3 of the Dungeon.
             The game lasted 00:08:29 (3422 turns).

xian the Skirmisher (Tengu Hunter)                  Turns: 3422, Time: 00:08:30

Health: -4/41      AC:  3    Str: 13    XL:     7   Next: 33%
Magic:  8/8        EV: 16    Int:  9    God:
Gold:   125        SH:  0    Dex: 18    Spells: 6/6 levels left

rFire   + . .      SeeInvis .   a - +0 shortbow
rCold   . . .      Faith    .   (shield currently unavailable)
rNeg    . . .      Spirit   .   n - +0 robe {rF+}
rPois   .          Reflect  .   (helmet restricted)
rElec   .          Harm     .   (no cloak)
rCorr   +          Rampage  .   c - +0 pair of gloves
Will    .....                   (boots unavailable)
Stlth   ++........              (no amulet)
HPRegen 0.13/turn               e - ring of resist corrosion
MPRegen 0.11/turn               (no ring)

@: about to teleport, flying quickly and evasively, quick
A: beak, talons 3, nimble flight
a: no special abilities


You were on level 3 of the Dungeon.
You visited 1 branch of the dungeon, and saw 4 of its levels.

You collected 125 gold pieces.

Inventory:

Hand Weapons
 a - a +0 shortbow (weapon)
 q - a +1 dagger of distortion
Missiles
 s - a throwing net
Armour
 c - a +0 pair of gloves (worn)
 n - a +0 robe of fire resistance (worn)
 p - an orb of light
Jewellery
 e - a ring of resist corrosion (left hand)
 l - a ring of wizardry
Wands
 h - a wand of digging (5)
Scrolls
 b - 2 scrolls of immolation
 f - a scroll of acquirement {unknown}
 k - 3 scrolls of teleportation
 m - a scroll of enchant weapon
 t - a scroll of blinking {unknown}
 u - a scroll of fear {unknown}
 w - a scroll of enchant armour {unknown}
 x - a scroll of poison {unknown}
Potions
 d - a potion of mutation {unknown}
 g - 2 potions of degeneration {unknown}
 i - 2 potions of curing
 j - a potion of resistance
 o - a potion of lignification {unknown}
 r - a potion of heal wounds
 v - 2 potions of magic {unknown}


   Skills:
 + Level 3.6 Fighting
 + Level 8.2 Ranged Weapons
 + Level 1.6 Armour
 + Level 3.0 Dodging
 + Level 1.2 Stealth


You had 6 spell levels left.
You didn't know any spells.
Your spell library contained the following spells:

 Spells                   Type           Power      Damage    Failure   Level
 Ensorcelled Hibernation  Hex/Ice        0%         N/A       52%         2
 Passwall                 Tmut/Erth      0%         N/A       52%         2
 Swiftness                Air            0%         N/A       77%         3


Dungeon Overview and Level Annotations

Branches:
Dungeon (4/15)
 Temple: D:4-7

Altars:
Ashenzari

Annotations:
D:3 Natasha, Pikel


Innate Abilities, Weirdness & Mutations

You have a beak for a mouth.
You have claws for feet.
Your magical nature lets you fly swiftly and evasively.


Message History

Pikel is moderately wounded.
You shoot an arrow. The arrow barely misses Pikel.
You shoot an arrow. The arrow closely misses Pikel.
Pikel barely misses you.
You shoot an arrow. The arrow hits Pikel.
Pikel is heavily wounded.
Pikel hits you with a +1 whip of electrocution.
Pikel closely misses you.
You shoot an arrow.
The arrow hits Pikel but does no damage.
Pikel is moderately wounded.
You shoot an arrow.
The arrow hits Pikel but does no damage.
Pikel is moderately wounded.
You shoot an arrow.
The arrow hits Pikel but does no damage.
Pikel is moderately wounded.
You shoot an arrow. The arrow hits Pikel.
Pikel is moderately wounded.
Pikel closely misses you.
You shoot an arrow. The arrow hits Pikel.
Pikel is moderately wounded.
Pikel hits you with a +1 whip of electrocution.
You are electrocuted!!
* * * LOW HITPOINT WARNING * * *
You are too injured to fight recklessly!
Pikel says, "It's all about the gold, really."
Natasha, Servant of Life and Death comes into view.
As you read the scroll of teleportation, it crumbles to dust.
You feel strangely unstable.
Natasha hisses angrily.
Pikel closely misses you.
Really attack while wielding your +0 shortbow?
Okay, then.
Fire: a) +0 shortbow
Press: ? - help, Q - select action, (/) - cycle Shift-Dir - straight line, f/p - Pikel
Aim: Pikel, wielding a +1 whip of electrocution and wearing a +2 robe of cold resistance (moderately wounded, 60% to hit)
You shoot an arrow. The arrow completely misses Pikel.
Natasha drinks a potion.
Natasha seems to speed up.
Pikel hits you with a +1 whip of electrocution!
You die...

######### #.......#
#.#####.# #.#####.########
#.##......h@K..#
#.##.##.######.##########
#.##.##.# #..........#
#.......# ##########.#
#..<....# ####.####
#.##.##.# ##.......#
#.##....# #########......#.#
#.####..# #.......#.K##..#.#
#.####(.###......<#......#.#


You could see Pikel and Natasha (fast).

Vanquished Creatures
  Grinder (D:3)
  Sigmund (D:2)
  A howler monkey (D:3)
  A hound (D:4)
  Jessica (D:2)
  Natasha (D:3)
  A gnoll (D:1)
  4 adders (D:2)
  A shadow imp (D:4)
  2 worms (D:2)
  4 dart slugs
  An orc (D:3)
  A bat (D:3)
  2 endoplasms
  A giant cockroach (D:2)
  6 goblins
  4 hobgoblins
  4 jackals (D:2)
  5 kobolds (D:1)
  5 ball pythons
  4 frilled lizards
  3 rats
54 creatures vanquished.

Notes
Turn   | Place    | Note
-------+----------+-------------------------------------------
     0 | D:1      | xian the Tengu Hunter began the quest for the Orb.
     0 | D:1      | Reached XP level 1. HP: 12/12 MP: 2/2
    30 | D:1      | Reached XP level 2. HP: 17/17 MP: 3/3
    38 | D:1      | Reached skill level 5 in Ranged Weapons
   361 | D:1      | Reached XP level 3. HP: 21/21 MP: 4/4
  1168 | D:2      | Noticed Sigmund
  1236 | D:2      | Reached skill level 1 in Armour
  1236 | D:2      | Reached XP level 4. HP: 26/26 MP: 5/5
  1365 | D:2      | Found a broken altar of Ashenzari.
  1601 | D:2      | Killed Sigmund
  1602 | D:2      | Reached skill level 7 in Ranged Weapons
  1602 | D:2      | Gained mutation: Your magical nature lets you fly swiftly
                  | and evasively. [Tengu growth]
  1602 | D:2      | Reached XP level 5. HP: 21/31 MP: 6/6
  1602 | D:2      | Reached XP level 6. HP: 24/36 MP: 7/7
  2194 | D:2      | Noticed Jessica
  2204 | D:2      | Killed Jessica
  2668 | D:3      | Noticed Grinder
  2673 | D:3      | Paralysed by Grinder for 4 turns
  2685 | D:3      | Killed Grinder
  2686 | D:3      | Reached skill level 8 in Ranged Weapons
  2686 | D:3      | Reached XP level 7. HP: 28/41 MP: 8/8
  3040 | D:3      | Noticed Natasha
  3044 | D:3      | Killed Natasha
  3237 | D:4      | Noticed Pikel
  3418 | D:3      | Noticed Natasha
  3422 | D:3      | Slain by Pikel

Illustrated notes

Levels and vault maps discovered:
D:1:      nicolae_arrival_somewhat_less_tricky_arrival, layout_loops_ring
D:2:      layout_basic, basic_altar, small_statue_intersection, st_stairs_4,
          uniq_jessica, uniq_sigmund
D:3:      layout_loops_cross, uniq_grinder, uniq_natasha
D:4:      layout_cave_pools, minmay_hedge_maze, grunt_tough_drop, uniq_pikel

Skill      XL: |  1  2  3  4  5  6 |
---------------+-------------------+-----
Ranged Weapons | 5 7 8 |  8.2
Armour         | 1 |  1.6
Fighting       | 3 |  3.6
Dodging        | 3 |  3.0
Stealth        | |  1.2

Action                   |  1- 3 |  4- 6 |  7- 9 || total
-------------------------+-------+-------+-------++-------
 Fire: Shortbow          |    64 |    80 |    50 ||   194
  Use: Scroll            |     2 |     3 |     1 ||     6
Armor: Leather armour    |     7 |     1 |       ||     8
       Robe              |       |     1 |     1 ||     2
Dodge: Dodged            |    24 |    12 |    20 ||    56
